 Dungeon Crawl Stone Soup version 0.31-a0-237-g2d982f9f85 (webtiles) character file.

Game seed: 17608245996390832096

2548 rabbitsville the Fighter (level 9, 0/93 HPs)
             Began as a Hill Orc Fighter on July 12, 2023.
             Was a Plaything of Xom.
             Succumbed to a meliai's poison
             ... on level 6 of the Dungeon.
             The game lasted 00:11:04 (4612 turns).

rabbitsville the Fighter (Hill Orc Fighter)         Turns: 4612, Time: 00:11:05

Health: 0/93       AC: 15    Str: 23    XL:     9   Next: 56%
Magic:  9/9        EV:  9    Int:  8    God:    Xom [..*...]
Gold:   371        SH:  9    Dex: 10    Spells: 8/8 levels left

rFire   . . .        a - +0 flail
rCold   . . .        c - +0 buckler
rNeg    . . .        x - +3 scale mail of the Depths {-Cast -Tele Will+++ Regen+}
rPois   +            (no helmet)
rElec   .            (no cloak)
rCorr   +            u - +0 pair of gloves
SInv    .            (no boots)
Will    ++++.        f - amulet of the acrobat Stlth
                     j - ring of resist corrosion
HPRegen 1.15/turn    l - +4 ring of protection
MPRegen 0.11/turn

%: no teleportation, no spellcasting, random rage (3%), acrobat
@: lethally poisoned (0 -> -7), on berserk cooldown, enlightened, flying,
slowed, very slow
A: large bone plates 1, berserk 1, high MP 1, poison resistance, robust 1,
subdued magic 1, MP-powered wands
a: Renounce Religion


You were on level 6 of the Dungeon.
You worshipped Xom.
You were a toy of Xom.
You visited 1 branch of the dungeon, and saw 6 of its levels.
You also visited: Ossuary.

You collected 371 gold pieces.

Inventory:

Hand Weapons
 a - a +0 flail (weapon)
Armour
 b - a +0 scale mail
 c - a +0 buckler (worn)
 u - a +0 pair of gloves (worn)
 x - the +3 scale mail of the Depths (worn) {-Cast -Tele Will+++ Regen+}
   (You found it on level 4 of the Dungeon)

   -Cast:     It prevents spellcasting.
   -Tele:     It prevents most forms of teleportation.
   Regen:     It increases your rate of health regeneration.
   Will:      It greatly increases your willpower.
Jewellery
 f - an amulet of the acrobat (around neck)
 j - a ring of resist corrosion (left hand)
 l - a +4 ring of protection (right hand)
 p - the ring "Zynadat" {Ice rElec rCorr Dex+4}
   (You found it on level 2 of the Dungeon)

   [ring of ice]

   It enhances your ice magic.
   Dex:       It affects your dexterity (+4).
   rF:        It makes you vulnerable to fire.
   rC:        It protects you from cold.
   rElec:     It insulates you from electricity.
   rCorr:     It protects you from acid and corrosion.
 t - a +5 ring of evasion
 y - a +6 ring of intelligence
 B - a +6 ring of dexterity
 F - a +4 ring of protection
 G - a ring of willpower
Scrolls
 g - 9 scrolls of identify {unknown}
 i - 3 scrolls of poison {unknown}
 n - a scroll of acquirement {unknown}
 o - 4 scrolls of fog {unknown}
 q - 2 scrolls of enchant armour {unknown}
 r - 6 scrolls of teleportation {unknown}
 w - a scroll of brand weapon {unknown}
 A - a scroll of summoning {unknown}
 E - 3 scrolls of fear {unknown}
 H - a scroll of blinking {unknown}
Potions
 d - a potion of might
 e - 3 potions of enlightenment
 h - a potion of lignification {unknown}
 k - 4 potions of mutation
 m - 4 potions of heal wounds {unknown}
 s - a potion of magic {unknown}
 v - a potion of attraction {unknown}
 z - 3 potions of brilliance {unknown}
 C - a potion of curing {unknown}
 D - 2 potions of haste {unknown}


   Skills:
 * Level 10.2 Fighting
 * Level 9.0 Maces & Flails
 - Level 3.2 Armour
 + Level 7.0 Shields


You had 8 spell levels left.
You didn't know any spells.
Your spell library contained the following spells:

 Spells                   Type           Power      Damage    Failure   Level
 Lesser Beckoning         Tloc           0%         N/A       86%         2
 Poisonous Vapours        Pois/Air       0%         N/A       86%         2
 Gell's Gravitas          Tloc           0%         N/A       98%         3
 Mephitic Cloud           Conj/Pois/Air  0%         N/A       98%         3
 Teleport Other           Tloc           0%         N/A       98%         3
 Volatile Blastmotes      Fire/Tloc      0%         2d10      98%         3
 Fulminant Prism          Conj/Hex       0%         3d5       100%        4
 Iskenderun's Mystic Bla  Conj/Tloc      0%         2d3       100%        4
 Freezing Cloud           Conj/Ice/Air   0%         6-21      100%        5
 Lee's Rapid Deconstruct  Erth           0%         3d4*      100%        5


Dungeon Overview and Level Annotations

Branches:
Dungeon (6/15)             Temple (0/1) D:4         Ossuary (visited)

Altars:
Elyvilon
Kikubaaqudgha
Nemelex Xobeh
Ru
Wu Jian
Xom

Annotations:
D:5 1 runed translucent door


Innate Abilities, Weirdness & Mutations

You are partially covered in large bone plates. (SH +4)
You sometimes lose your temper in combat.
You have an increased reservoir of magic. (+10% MP)
Your system is resistant to poisons. (rPois)
You are robust. (+10% HP)
Your spells are a little easier to cast, but a little less powerful.
You expend magic power (3 MP) to strengthen your wands.


Message History

The eye of devastation is heavily wounded.
You feel very sick.
The eye of devastation changes into a swamp dragon!
You hit the swamp dragon.
The swamp dragon is lightly wounded.
You feel very sick.
The swamp dragon changes into a wind drake!
You miss the wind drake.
You feel sick.
The wind drake changes into a meliai!
No quiver actions available for cycling.
Use [Q] to select from all actions.
You hit the meliai but do no damage.
You feel sick. You block the meliai's attack.
The meliai stings you but does no damage.
The meliai hits you but does no damage. You block the meliai's attack.
You hit the meliai.
The meliai is moderately wounded.
You feel sick. The meliai hits you but does no damage.
The meliai barely misses you. The meliai hits you but does no damage.
You block the meliai's attack. The meliai hits you but does no damage.
The meliai stings you.
* * * LOW HITPOINT WARNING * * *
You are lethally poisoned!
The meliai poisons you!
It was a potion of mutation.
You feel extremely strange.
Your vision seems duller.
Your magical essence no longer links to wands of the dungeon.
You feel robust.
You feel your magical essence link to the dungeon's wands.
You feel more energetic.
Xom roars with laughter!
* * * LOW HITPOINT WARNING * * *
You feel extremely sick. You block the meliai's attack.
The meliai stings you but does no damage.
You block the meliai's attack. The meliai barely misses you.
You block the meliai's attack. x2
It was a potion of enlightenment.
You feel very buoyant.
You fly up into the air.
You die...
Xom roars with laughter!

#.# # ... # #.##)##.#
#...?..># #.# #)# #)#
#y# #@# #.# #.# #.#
##### #.# ......#.#
#.....## ##
....#.##.############
#. .#
#.#.....†.......# #.


You could see a meliai shaped shifter.

Vanquished Creatures
  The ghost of reriks the Ducker, a novice MfGl of Lugonu (D:5)
  The ghost of Midn8 the Conjurer, a novice OpCj of Fedhas (D:5)
  The ghost of billz999 the Chopper, an amateur GnRe (D:5)
  Sigmund (D:5)
  3 yaks (D:6)
  The ghost of Brisketman the Gouger, an amateur FeTm (D:5)
  A black bear (D:6)
  An ogre (D:5)
  A sky beast (D:6)
  A centaur (D:6)
  2 phantoms (D:5)
  A wight (D:6)
  A howler monkey (D:5)
  2 vampire bats (D:4)
  3 hounds (D:5)
  A sleepcap (D:6)
  An iguana (D:5)
  2 orc wizards
  3 mummies (Ossuary)
  10 gnolls
  5 adders
  A white imp (D:5)
  An ufetubus (D:5)
  7 dart slugs
  7 orcs
  3 bats
  2 bat skeletons (D:4)
  4 bat zombies (D:4)
  8 endoplasms
  A giant cockroach (D:1)
  9 goblins
  7 hobgoblins
  5 jackals (D:1)
  7 kobolds
  5 quokkas
  4 ball pythons
  5 frilled lizards
  5 goblin zombies (Ossuary)
  3 kobold zombies (Ossuary)
  8 rats
135 creatures vanquished.

Vanquished Creatures (others)
  A wraith (Ossuary)
  An orc wizard (D:6)
  An orc (D:6)
3 creatures vanquished.

Grand Total: 138 creatures vanquished

Notes
Turn   | Place    | Note
-------+----------+-------------------------------------------
     0 | D:1      | rabbitsville the Hill Orc Fighter began the quest for the
                  | Orb.
     0 | D:1      | Reached XP level 1. HP: 19/19 MP: 1/1
   106 | D:1      | Reached XP level 2. HP: 26/27 MP: 2/2
   185 | D:1      | Reached skill level 4 in Fighting
   374 | D:1      | Reached XP level 3. HP: 33/33 MP: 3/3
  1152 | D:2      | Found a shimmering altar of Xom.
  1162 | D:2      | Reached XP level 4. HP: 39/41 MP: 4/4
  1168 | D:2      | Became a worshipper of Xom of Unknown Intent
  1182 | D:2      | XOM: divination: detect items
  1279 | D:2      | Identified the ring "Zynadat" {Ice rElec rCorr Dex+4}
  1330 | D:2      | XOM: silly message
  1486 | D:2      | XOM: potion effect (berserk rage)
  1498 | D:2      | XOM: silly message
  1510 | D:2      | Reached skill level 5 in Fighting
  1517 | D:2      | Reached XP level 5. HP: 13/48 MP: 5/5
  1660 | D:2      | XOM: give mutations
  1660 | D:2      | Gained mutation: You are partially covered in large bone
                  | plates. (SH +4) [Xom's mischief]
  1660 | D:2      | Gained mutation: Armour fits poorly on your strangely
                  | shaped body. [Xom's mischief]
  1660 | D:2      | Gained mutation: You have supernaturally acute eyesight.
                  | (SInv) [Xom's mischief]
  1660 | D:2      | Gained mutation: You expend magic power (3 MP) to
                  | strengthen your wands. [Xom's mischief]
  1856 | D:3      | Found a faded altar of an unknown god.
  1966 | D:3      | Found an ornate altar of the Wu Jian Council.
  2216 | D:3      | Found a sacrificial altar of Ru.
  2377 | D:4      | Identified the +3 scale mail of the Depths {-Cast -Tele
                  | Will+++ Regen+}
  2470 | D:4      | XOM: polymorph endoplasm -> adder
  2499 | D:4      | Found a sand-covered staircase.
  2505 | Ossuary  | Entered an ossuary
  2505 | Ossuary  | Noticed a wraith
  2505 | Ossuary  | Noticed a wraith
  2505 | Ossuary  | Noticed a wraith
  2558 | Ossuary  | Noticed a wraith
  2570 | Ossuary  | Killed a wraith
  2570 | Ossuary  | XOM: divine lightning
  2571 | Ossuary  | Reached XP level 6. HP: 50/57 MP: 6/6
  2879 | Ossuary  | XOM: give mutations
  2879 | Ossuary  | Gained mutation: Your system is resistant to poisons.
                  | (rPois) [Xom's mischief]
  2879 | Ossuary  | Lost mutation: Armour fits poorly on your strangely shaped
                  | body. [Xom's mischief]
  2879 | Ossuary  | Gained mutation: Your spells are a little easier to cast,
                  | but a little less powerful. [Xom's mischief]
  2879 | Ossuary  | Gained mutation: Your body sometimes deteriorates upon
                  | taking damage. [Xom's mischief]
  2935 | D:4      | Found a white marble altar of Elyvilon.
  3260 | D:4      | Found a staircase to the Ecumenical Temple.
  3312 | D:4      | XOM: summons 1 hostile shadow creature
  3361 | D:4      | Found an ancient bone altar of Kikubaaqudgha.
  3365 | D:4      | Reached skill level 6 in Fighting
  3385 | D:4      | Reached skill level 5 in Maces & Flails
  3447 | D:5      | Entered Level 5 of the Dungeon
  3447 | D:5      | Found a runed translucent gate.
  3447 | D:5      | XOM: cleaving
  3456 | D:5      | XOM: polymorph jelly -> gnoll
  3460 | D:5      | XOM: scenery: 1 doors open
  3465 | D:5      | Reached XP level 7. HP: 64/64 MP: 7/7
  3467 | D:5      | Noticed Brisketman's ghost (amateur FeTm)
  3467 | D:5      | Noticed billz999's ghost (amateur GnRe)
  3496 | D:5      | XOM: swap monsters
  3500 | D:5      | Killed billz999's ghost
  3501 | D:5      | Reached skill level 7 in Fighting
  3501 | D:5      | Reached skill level 5 in Shields
  3502 | D:5      | Killed Brisketman's ghost
  3571 | D:5      | Noticed Midn8's ghost (novice OpCj)
  3577 | D:5      | Noticed reriks's ghost (novice MfGl)
  3585 | D:5      | Killed Midn8's ghost
  3586 | D:5      | Reached skill level 8 in Fighting
  3586 | D:5      | Reached XP level 8. HP: 62/74 MP: 8/8
  3588 | D:5      | XOM: enchant monster (bad)
  3592 | D:5      | XOM: destruction
  3594 | D:5      | XOM: divine lightning
  3595 | D:5      | Killed reriks's ghost
  3711 | D:5      | XOM: enchant monster (bad)
  3830 | D:5      | Found a sparkling altar of Nemelex Xobeh.
  3833 | D:5      | XOM: scenery: 1 doors close
  3858 | D:5      | XOM is BORED!
  3858 | D:5      | XOM: stat loss: -1 Str (20/21)
  3997 | D:5      | Reached skill level 9 in Fighting
  4036 | D:5      | Noticed Sigmund
  4055 | D:5      | Killed Sigmund
  4056 | D:5      | Reached XP level 9. HP: 79/83 MP: 9/9
  4385 | D:6      | XOM: give mutations
  4385 | D:6      | Lost mutation: Your body sometimes deteriorates upon taking
                  | damage. [Xom's mischief]
  4385 | D:6      | Gained mutation: You sometimes lose your temper in combat.
                  | [Xom's mischief]
  4509 | D:6      | Reached skill level 10 in Fighting
  4521 | D:6      | XOM: noise
  4563 | D:6      | an orc warrior changed into a glowing shapeshifter
  4563 | D:6      | Noticed a glowing shapeshifter (glowing shapeshifter)
  4563 | D:6      | XOM: polymorph orc warrior -> glowing shapeshifter
  4563 | D:6      | a glowing shapeshifter changed into a two-headed ogre
  4563 | D:6      | Noticed a two-headed ogre (glowing shapeshifter)
  4565 | D:6      | a two-headed ogre changed into an elephant
  4565 | D:6      | Noticed an elephant (glowing shapeshifter)
  4571 | D:6      | XOM: summons friendly quasit
  4571 | D:6      | an elephant changed into a manticore
  4571 | D:6      | Noticed a manticore (glowing shapeshifter)
  4574 | D:6      | a manticore changed into a swamp dragon
  4574 | D:6      | Noticed a swamp dragon (glowing shapeshifter)
  4577 | D:6      | a swamp dragon changed into a deep troll
  4577 | D:6      | Noticed a deep troll (glowing shapeshifter)
  4581 | D:6      | a deep troll changed into a cyclops
  4581 | D:6      | Noticed a cyclops (glowing shapeshifter)
  4583 | D:6      | a cyclops changed into a skyshark
  4583 | D:6      | Noticed a skyshark (glowing shapeshifter)
  4584 | D:6      | XOM: noise
  4586 | D:6      | a skyshark changed into a steelbarb worm
  4586 | D:6      | Noticed a steelbarb worm (glowing shapeshifter)
  4588 | D:6      | XOM: enchant monster (bad)
  4588 | D:6      | a steelbarb worm changed into a shining eye
  4588 | D:6      | Noticed a shining eye (glowing shapeshifter)
  4589 | D:6      | a shining eye changed into a glowing orange brain
  4589 | D:6      | Noticed a glowing orange brain (glowing shapeshifter)
  4591 | D:6      | XOM: enchant monster (good)
  4591 | D:6      | a glowing orange brain changed into a swamp dragon
  4591 | D:6      | Noticed a swamp dragon (glowing shapeshifter)
  4593 | D:6      | a swamp dragon changed into a wind drake
  4593 | D:6      | Noticed a wind drake (glowing shapeshifter)
  4597 | D:6      | a wind drake changed into a death drake
  4597 | D:6      | Noticed a death drake (glowing shapeshifter)
  4599 | D:6      | a death drake changed into a sea snake
  4599 | D:6      | Noticed a sea snake (glowing shapeshifter)
  4605 | D:6      | a sea snake changed into an eye of devastation
  4605 | D:6      | Noticed an eye of devastation (glowing shapeshifter)
  4606 | D:6      | an eye of devastation changed into a swamp dragon
  4606 | D:6      | Noticed a swamp dragon (glowing shapeshifter)
  4607 | D:6      | a swamp dragon changed into a wind drake
  4607 | D:6      | Noticed a wind drake (glowing shapeshifter)
  4608 | D:6      | a wind drake changed into a meliai
  4608 | D:6      | Noticed a meliai (glowing shapeshifter)
  4611 | D:6      | Lost mutation: You have supernaturally acute eyesight.
                  | (SInv) [potion of mutation]
  4611 | D:6      | Lost mutation: You expend magic power (3 MP) to strengthen
                  | your wands. [potion of mutation]
  4611 | D:6      | Gained mutation: You are robust. (+10% HP) [potion of
                  | mutation]
  4611 | D:6      | Gained mutation: You expend magic power (3 MP) to
                  | strengthen your wands. [potion of mutation]
  4611 | D:6      | Gained mutation: You have an increased reservoir of magic.
                  | (+10% MP) [potion of mutation]
  4611 | D:6      | HP: 3/93 [poisoned by a meliai]
  4612 | D:6      | Succumbed to a meliai's poison

Illustrated notes

Levels and vault maps discovered:
D:1:      onia_arrival_pyramid, layout_loops_ring, serial_bayou_crossing
D:2:      layout_basic, basic_altar, minmay_indecisive_spiral
D:3:      layout_rooms, mainiacjoe_overflow_cross_hatched, lemuel_tele_altar,
          basic_ecumenical_altar
D:4:      layout_cave_pools, kennysheep_vampire_church,
          mainiacjoe_overflow_catwalk, minmay_temple_entry_fiery,
          nicolae_ossuary_entry_plus
D:5:      layout_cave_pools, nemelex_diamond_rough_becter,
          gammafunk_ghost_cemetery, minmay_fountain_box, st_stairs_9,
          serial_bayou_lagoon_a, sigmund_army
D:6:      layout_loops_cross

Skill      XL: |  1  2  3  4  5  6  7  8  9 |
---------------+----------------------------+-----
Fighting       | 4 5 6 8 9 10 | 10.2
Maces & Flails | 3 4 5 7 8 9 |  9.0
Shields        | 4 5 6 7 |  7.0
Armour         | |  3.2

Action                     |  1- 3 |  4- 6 |  7- 9 || total
---------------------------+-------+-------+-------++-------
  Melee: Flail             |   126 |   225 |   231 ||   582
    Use: Potion            |       |       |     2 ||     2
 Armour: Scale mail        |    60 |   143 |    89 ||   292
  Dodge: Dodged            |    69 |   207 |    88 ||   364
  Block: Buckler           |    27 |   144 |   112 ||   283

Table legend: (Time is in decaauts)
 A = Elapsed time spent in this place.
 B = Non-inter-level travel time spent in this place.
 C = Inter-level travel time spent in this place.
 D = Time resting spent in this place.
 E = Time spent auto-exploring this place.
 F = Levels seen in this place.
 G = Mean time per level.
                   A        B        C        D        E       F      G
               +--------+--------+--------+--------+--------+-----+--------+
         Total |   4744 |   4618 |    126 |      0 |   2753 |   7 |  677.7 |
       Dungeon |   4323 |   4197 |    126 |      0 |   2609 |   6 |  720.5 |
       Ossuary |    421 |    421 |      0 |      0 |    144 |   1 |  421.0 |
               +--------+--------+--------+--------+--------+-----+--------+

Top non-repeatable levels by time:
     D:2: 1078 daAuts
     D:5: 889 daAuts
     D:1: 846 daAuts
     D:4: 699 daAuts
     D:3: 509 daAuts
 Ossuary: 421 daAuts
     D:6: 299 daAuts
